 Dungeon Crawl Stone Soup version 0.19-a0-635-g0665fb6 (webtiles) character file.

104871 AlphabetPasta the Grand Gadgeteer (level 16, -14/125 HPs)
             Began as a Formicid Artificer on June 13, 2016.
             Was the Champion of Pakellas.
             Killed from afar by a hell hog (17 damage)
             ... with a fireball
             ... on level 2 of the Abyss.
             The game lasted 02:57:15 (29683 turns).

AlphabetPasta the Grand Gadgeteer (FoAr)           Turns: 29683, Time: 02:57:17

Health: -14/125    AC: 19    Str: 19    XL:     16   Next: 93%
Magic:  24/24      EV: 13    Int: 11    God:    Pakellas [******]
Gold:   2494       SH: 11    Dex: 12    Spells: 0 memorised, 15 levels left

rFire  + . .     SeeInvis +     a - +2 battleaxe (freeze)
rCold  . . .     Gourm    .     T - +1 scale mail of Mootwus {rElec rPois rN+}
rNeg   + . .     Faith    .     d - +0 shield {reflect}
rPois  +         Spirit   .     (helmet unavailable)
rElec  +         Dismiss  .     s - +0 cloak
rCorr  .         Reflect  +     k - +0 pair of gloves
SustAt .         Harm     .     n - +2 pair of boots
MR     +....                    (no amulet)
Stlth  ..........               R - +4 ring of protection
                                v - ring of protection from fire

@: drained, somewhat resistant to hostile enchantments, extremely unstealthy
A: permanent stasis, dig shafts and tunnels, four strong arms, antennae 3, fangs
1, low mp 1, weak 2
a: Dig, Shaft Self, Quick Charge, Device Surge, Renounce Religion


You were on level 2 of the Abyss.
You worshipped Pakellas.
Pakellas was exalted by your worship.
You were not hungry.

You visited 5 branches of the dungeon, and saw 23 of its levels.
You visited the Abyss 1 time.
You also visited: Ice Cave.

You collected 2792 gold pieces.
You spent 298 gold pieces at shops.

Inventory:

Hand Weapons
 a - a +2 battleaxe of freezing (weapon)
 b - a +0 arbalest of flaming
 p - a +0 hand axe of flaming
Missiles
 C - 50 bolts
Armour
 d - a +0 shield of reflection (worn)
 k - a +0 pair of gloves (worn)
 n - a +2 pair of boots (worn)
 s - a +0 cloak (worn)
 T - the +1 scale mail of Mootwus (worn) {rElec rPois rN+}
   (You found it on level 4 of the Lair of Beasts)

   It insulates you from electricity.
   It protects you from poison.
   It protects you from negative energy.
Rods
 Y - a +10 supercharged rod of clouds (18/18)
   (Pakellas gifted it to you on level 11 of the Dungeon)
Jewellery
 q - an uncursed ring of poison resistance
 t - an uncursed ring of protection from cold
 v - a ring of protection from fire (left hand)
 w - an uncursed ring of sustain attributes
 R - a +4 ring of protection (right hand)
 U - an uncursed amulet of harm
 X - an uncursed ring of flight
Wands
 c - a wand of flame (23/48)
 l - a wand of teleportation (4/9)
 u - a wand of acid (7/15)
 z - a wand of paralysis (10/24)
 A - a wand of lightning (6/15)
 N - a wand of iceblast (10/15)
Scrolls
 e - 4 scrolls of magic mapping
 r - 5 scrolls of enchant armour
 E - 2 scrolls of fog
 F - 5 scrolls of remove curse
 G - 3 scrolls of fear
 I - 5 scrolls of identify
 J - 3 scrolls of enchant weapon
 K - 3 scrolls of recharging
Potions
 g - 8 potions of flight
 i - 4 potions of curing
 j - 3 potions of cure mutation
 o - 2 potions of cancellation
 D - 17 potions of magic
 V - 2 potions of agility
 Z - a potion of invisibility
Miscellaneous
 B - a phantom mirror
 H - a box of beasts
 O - a lamp of fire
 Q - 2 sacks of spiders
Comestibles
 f - 13 bread rations
 x - 9 meat rations
 P - 27 fruits


   Skills:
 + Level 11.3(10.1) Fighting
   Level 1.0(0.1) Short Blades
 * Level 14.0(12.7) Axes
 * Level 9.7(8.6) Crossbows
 + Level 10.3(9.2) Armour
 + Level 8.8(7.7) Dodging
 - Level 1.2(0.3) Stealth
 + Level 10.0(8.9) Shields
 * Level 15.5(14.2) Evocations


You had 15 spell levels left.
You didn't know any spells.

Dungeon Overview and Level Annotations

Branches:
Dungeon (12/15)            Temple (1/1) D:4            Lair (6/6) D:11
  Swamp (2/4) Lair:2        Snake (0/4) Lair:3        Slime (0/5) Lair:6
    Orc (2/2) D:12            Elf (0/3) Orc:2

Altars:
Ashenzari
Cheibriados
Dithmenos
Elyvilon
Fedhas
Gozag
Hepliaklqana
Kikubaaqudgha
Makhleb
Nemelex Xobeh
Okawaru
Pakellas
Qazlal
Ru
Sif Muna
Trog
Uskayaw
Vehumet
Xom
Yredelemnul
Zin
The Shining One
Beogh

Shops:
D:7 *   D:8 }   D:9 ?   Orc:2 [:[:

Annotations:
Swamp:2 Louise


Innate Abilities, Weirdness & Mutations

You are under a permanent stasis effect.
You can dig through walls and to a lower floor.
Your four strong arms can wield two-handed weapons with a shield.
You have a pair of large antennae on your head. (SInv)
You have very sharp teeth.
Your magical capacity is low. (-10% MP)
[You are very weak. (Str -4)]


Message History

The raiju bursts into living lightning!
The living lightning hits you! You resist.
* * * LOW HITPOINT WARNING * * *
The living lightning hits you! You resist.
* * * LOW HITPOINT WARNING * * *
The raiju blinks!
A hell hog comes into view.
You hit the wretched star. You freeze the wretched star.
The wretched star is lightly damaged.
You closely miss the raiju.
The raiju is severely wounded.
You slash the raiju! You freeze the raiju.
You kill the raiju!
Pakellas accepts your kill.
Pakellas collects the excess magic power.
Your base Axes skill increases to level 14!
The hell hog breathes fire at you.
The fireball explodes!
The fireball engulfs you! You resist.
You die...
Pakellas says: Good help is so hard to find these days!

. { { ##
.##..# ....h .
....####
...#..######
#.#†###.## {
##@h.#.#.#
#*#†.....#
#..#.##.(..
#.##.##.##.#
#. ..##(.#.# {
...#....#.#.
....#.........
.## #.... #..#
.# . #


You could see a wretched star, a hell hog and a raiju.

Vanquished Creatures
  Rupert (Lair:3)
  Roxanne (Swamp:1)
  Donald (Orc:2)
  A frost giant (IceCv)
  Maud (Lair:6)
  A stone giant (Orc:2)
  Josephine (D:10)
  An ettin (Orc:1)
  Harold (D:10)
  The ghost of AlphabetPasta the Slicer, a journeyman HaAs of Dithmenos (D:12)
  4 hydras
  Erolcha (Orc:1)
  The ghost of goofnerd the Blocker, a novice MiFi of the Shining One (Orc:1)
  Erica (Lair:2)
  17 death yaks
  4 orc high priests (Orc:2)
  Nergalle (Lair:2)
  Sonja (Lair:3)
  A wretched star (Abyss:2)
  A shadow demon (Abyss:2)
  A swamp dragon (Swamp:1)
  2 lindwurms (Lair:5)
  6 orc knights
  6 hill giants
  An orb spider (Abyss:2)
  3 ugly things
  An orc sorcerer (Orc:1)
  4 griffons
  A worldbinder (Abyss:2)
  4 cyclopes
  3 elephants (Lair:6)
  An orange demon (Abyss:2)
  An ice statue (IceCv)
  3 black mambas
  A gargoyle (D:12)
  3 rime drakes
  11 spiny frogs
  8 komodo dragons
  A demonic crawler (Abyss:2)
  A yaktaur (D:12)
  A spriggan druid (Lair:6)
  An ancient zyme (Abyss:2)
  2 trolls (D:10)
  A tengu conjurer (D:10)
  9 two-headed ogres
  A giant leech (Swamp:1)
  A boulder beetle (Lair:4)
  22 polar bears
  4 slime creatures
  11 blink frogs
  7 raiju (Abyss:2)
  Sigmund (D:6)
  10 spriggans (Lair:6)
  6 redbacks (Lair:6)
  A shadow (Swamp:1)
  4 wraiths
  55 yaks
  A wyvern (D:8)
  2 ynoxinuls (Abyss:2)
  5 starcursed masses (Abyss:2)
  4 large abominations (Abyss:2)
  9 hippogriffs
  2 basilisks
  4 hungry ghosts
  4 small abominations (Abyss:2)
  2 wargs (D:12)
  13 swamp worms
  A naga (Lair:3)
  A mottled dragon (D:11)
  12 water moccasins
  8 porcupines
  29 orc warriors
  A swamp drake (D:11)
  6 ice beasts
  12 black bears
  2 phantoms
  6 wasps
  An eye of draining (D:10)
  4 sky beasts
  A boggart (shapeshifter) (Lair:1)
  26 ogres
  37 wolves
  6 centaurs
  21 crocodiles
  The ghost of unimpressed the Conjurer, an amateur TeCj (D:3)
  22 giant frogs
  A big kobold (D:8)
  16 jellies
  3 scorpions
  A manticore simulacrum (Abyss:2)
  6 wights
  7 howler monkeys
  A vampire bat (Lair:5)
  6 electric eels
  2 crimson imps
  3 centaur zombies
  2 quasits (D:8)
  A giant frog zombie (D:6)
  9 hounds
  A wasp zombie (D:8)
  29 orc priests
  2 centaur skeletons
  22 orc wizards
  3 giant frog skeletons
  10 iguanas
  12 worker ants
  8 sheep
  An ogre zombie (Orc:1)
  A hound zombie (D:9)
  2 hound skeletons
  2 worker ant zombies
  9 adders
  A howler monkey skeleton (D:7)
  46 river rats
  2 shadow imps
  15 oozes (Lair:3)
  An adder zombie (D:5)
  3 adder skeletons
  4 worms
  9 giant geckos
  88 orcs
  A ball python (D:4)
  10 bats
  7 giant cockroaches
  11 goblins
  7 hobgoblins
  7 jackals
  5 quokkas
  A giant gecko zombie (D:7)
  6 giant newts
  A jackal zombie (D:8)
  15 kobolds
  8 rats
  9 fungi
  A lurking horror (Abyss:2)
  10 plants
912 creatures vanquished.

Vanquished Creatures (collateral kills)
  A hydra (Lair:4)
  2 nagas (Lair:3)
  A crocodile (Lair:3)
  A giant frog (Lair:4)
  A goblin (D:1)
  A giant newt (D:1)
7 creatures vanquished.

Vanquished Creatures (others)
  A large abomination (Abyss:2)
  A yak (IceCv)
  A wasp (D:3)
  An electric eel (Lair:5)
  An orc wizard (D:12)
  An orc (Orc:2)
  9 fungi
  2 plants
  12 toadstools (Lair:5)
29 creatures vanquished.

Grand Total: 948 creatures vanquished

Notes
Turn   | Place    | Note
--------------------------------------------------------------
     0 | D:1      | AlphabetPasta the Formicid Artificer began the quest for the Orb.
     0 | D:1      | Reached XP level 1. HP: 15/15 MP: 3/3
   263 | D:1      | Reached XP level 2. HP: 19/21 MP: 4/4
   383 | D:1      | Reached XP level 3. HP: 14/26 MP: 5/5
  1007 | D:1      | Reached skill level 1 in Armour
  1572 | D:2      | Reached XP level 4. HP: 30/33 MP: 6/6
  1631 | D:2      | Reached skill level 1 in Axes
  1665 | D:2      | Reached skill level 4 in Evocations
  2139 | D:3      | Noticed unimpressed's ghost (amateur TeCj)
  2154 | D:3      | Killed unimpressed's ghost
  2154 | D:3      | Reached XP level 5. HP: 11/38 MP: 8/8
  2513 | D:2      | HP: 1/39 [poisoned by an adder]
  2884 | D:3      | Found a faded altar of an unknown god.
  3084 | D:3      | Found an oddly glowing altar of Pakellas.
  3084 | D:3      | Noticed an orange crystal statue
  3085 | D:3      | Noticed a wasp
  3092 | D:3      | Became a worshipper of Pakellas the Inventive
  3117 | D:3      | Killed a wasp
  3387 | D:4      | Reached XP level 6. HP: 30/46 MP: 9/9
  3515 | D:4      | Noticed an ogre
  3520 | D:4      | Killed an ogre
  3785 | D:4      | Reached skill level 5 in Evocations
  3813 | D:4      | Found a staircase to the Ecumenical Temple.
  3819 | Temple   | Entered the Ecumenical Temple
  4317 | D:4      | Reached XP level 7. HP: 47/51 MP: 10/10
  4599 | D:5      | Entered Level 5 of the Dungeon
  5193 | D:5      | Reached XP level 8. HP: 58/58 MP: 12/12
  5231 | D:5      | Reached skill level 6 in Evocations
  6197 | D:6      | Noticed Sigmund
  6203 | D:6      | Killed Sigmund
  6215 | D:6      | Noticed Edmund
  6216 | D:6      | Noticed Edmund
  6216 | D:6      | Edmund changed into Edmund the centaur
  6228 | D:6      | Killed Edmund the centaur
  6428 | D:6      | Found a white marble altar of Elyvilon.
  6429 | D:6      | Found an iron altar of Okawaru.
  6429 | D:6      | Found an oddly glowing altar of Pakellas.
  6441 | D:6      | Found a burning altar of Makhleb.
  6542 | D:6      | Reached skill level 5 in Axes
  6567 | D:6      | Reached * piety under Pakellas
  6567 | D:6      | Received a gift from Pakellas
  6567 | D:6      | Reached skill level 7 in Evocations
  6567 | D:6      | Reached XP level 9. HP: 65/65 MP: 14/14
  6947 | D:7      | Found Evevvire's General Store.
  7235 | D:7      | Found a stormy altar of Qazlal.
  7269 | D:7      | Found a blossoming altar of Fedhas.
  7449 | D:7      | Reached skill level 5 in Fighting
  7818 | D:8      | Reached skill level 5 in Armour
  7818 | D:8      | Reached skill level 8 in Evocations
  8117 | D:8      | Reached XP level 10. HP: 59/74 MP: 16/16
  8286 | D:8      | Reached skill level 5 in Dodging
  8539 | D:8      | Reached ** piety under Pakellas
  8539 | D:8      | Received a gift from Pakellas
  8568 | D:8      | Found Ror Zuo's Gadget Shop.
  8653 | D:8      | Reached skill level 9 in Evocations
  9425 | D:9      | Found a glowing golden altar of the Shining One.
  9460 | D:9      | Gained mutation: You have very sharp teeth. [potion of beneficial mutation]
  9487 | D:9      | Noticed a hill giant
  9502 | D:9      | Killed a hill giant
  9955 | D:9      | Found Toffam's Magic Scroll Boutique.
  9963 | D:9      | Bought a scroll of torment for 97 gold pieces
  9963 | D:9      | Bought a scroll of identify for 26 gold pieces
  9963 | D:9      | Bought a scroll of identify for 26 gold pieces
  9963 | D:9      | Bought a scroll of identify for 26 gold pieces
  9967 | D:9      | Bought a scroll of identify for 26 gold pieces
  9967 | D:9      | Bought a scroll of identify for 26 gold pieces
  9967 | D:9      | Bought a scroll of identify for 26 gold pieces
  9967 | D:9      | Bought a scroll of magic mapping for 45 gold pieces
 10062 | D:9      | Reached *** piety under Pakellas
 10062 | D:9      | Received a gift from Pakellas
 10062 | D:9      | Reached XP level 11. HP: 56/83 MP: 18/18
 10093 | D:9      | Reached skill level 10 in Evocations
 10550 | D:10     | Entered Level 10 of the Dungeon
 10815 | D:10     | Noticed a hill giant
 10826 | D:10     | Killed a hill giant
 10945 | D:10     | Noticed Harold
 10987 | D:10     | Killed Harold
 11041 | D:10     | Reached **** piety under Pakellas
 11041 | D:10     | Received a gift from Pakellas
 11351 | D:10     | Noticed a hill giant
 11360 | D:10     | Killed a hill giant
 11398 | D:10     | Noticed a hill giant
 11409 | D:10     | Killed a hill giant
 11409 | D:10     | Reached skill level 11 in Evocations
 11518 | D:10     | Noticed a hill giant
 11528 | D:10     | Killed a hill giant
 11528 | D:10     | Reached skill level 1 in Shields
 11882 | D:10     | Reached XP level 12. HP: 55/91 MP: 12/20
 12522 | D:11     | Noticed Josephine
 12530 | D:10     | Killed Josephine
 12717 | D:11     | Reached skill level 10 in Axes
 12923 | D:11     | Found a staircase to the Lair.
 13045 | D:11     | Reached ***** piety under Pakellas
 13045 | D:11     | Received a gift from Pakellas
 13102 | D:11     | Found a roughly hewn altar of Beogh.
 13395 | D:11     | Reached skill level 5 in Shields
 13411 | D:11     | Found a runed door.
 13431 | D:11     | Reached skill level 12 in Evocations
 13985 | D:11     | Found a roughly hewn altar of Beogh.
 14123 | D:12     | Noticed AlphabetPasta's ghost (journeyman HaAs)
 14133 | D:12     | Killed AlphabetPasta's ghost
 14476 | D:12     | Reached XP level 13. HP: 99/99 MP: 17/22
 14565 | D:12     | Found a staircase to the Orcish Mines.
 14793 | D:12     | Reached skill level 1 in Crossbows
 15490 | Lair:1   | Entered Level 1 of the Lair of Beasts
 15515 | Lair:1   | Reached ****** piety under Pakellas
 15810 | Lair:1   | Identified a +10 supercharged rod of clouds (18/18) {god gift} (supercharged by Pakellas)
 17053 | Lair:2   | Noticed a six-headed hydra
 17070 | Lair:2   | Killed a one-headed hydra
 17145 | Lair:2   | Noticed Nergalle
 17154 | Lair:2   | Killed Nergalle
 17264 | Lair:2   | Noticed a five-headed hydra
 17278 | Lair:2   | Killed a one-headed hydra
 17775 | Lair:2   | Reached skill level 13 in Evocations
 17843 | Lair:2   | Noticed Erica
 17854 | Lair:2   | Killed Erica
 18130 | Lair:2   | Found a staircase to the Swamp.
 18568 | Lair:3   | Noticed a six-headed hydra
 18576 | Lair:3   | Noticed Sonja
 18603 | Lair:2   | Killed a one-headed hydra
 18672 | Lair:3   | Killed Sonja
 18907 | Lair:3   | Noticed Rupert
 18918 | Lair:3   | Killed Rupert
 18918 | Lair:3   | Reached skill level 5 in Crossbows
 18918 | Lair:3   | Reached XP level 14. HP: 108/108 MP: 23/23
 18955 | Lair:3   | Found a staircase to the Snake Pit.
 19241 | Lair:3   | Identified a +10 supercharged rod of clouds (18/18) (Pakellas gifted it to you on level 11 of the Dungeon)
 19538 | Lair:3   | Upgraded the game from 0.19-a0-624-g96853e7 to 0.19-a0-633-g93f72d7
 19628 | Lair:4   | Got a smoking scale mail
 19629 | Lair:4   | Identified the cursed +1 scale mail of Mootwus {rElec rPois rN+} (You found it on level 4 of the Lair of Beasts)
 20464 | Lair:5   | Found a frozen archway.
 20485 | IceCv    | Entered an ice cave
 21399 | IceCv    | Reached skill level 10 in Fighting
 21675 | IceCv    | Noticed a frost giant
 21679 | IceCv    | Reached skill level 14 in Evocations
 21680 | IceCv    | Killed a frost giant
 21680 | IceCv    | Reached XP level 15. HP: 115/115 MP: 25/25
 22211 | Lair:5   | Got a translucent chain mail
 22212 | Lair:5   | Identified the +1 chain mail of Shadows and Fog {rCorr} (You found it on level 5 of the Lair of Beasts)
 22905 | Lair:6   | Entered Level 6 of the Lair of Beasts
 23047 | Lair:6   | Found a staircase to the Slime Pits.
 24175 | Lair:6   | Noticed Maud
 24182 | Lair:6   | Killed Maud
 24238 | Lair:6   | Found a shattered altar of Ashenzari.
 24467 | Lair:6   | Reached XP level 16. HP: 99/124 MP: 27/27
 25200 | Orc:1    | Entered Level 1 of the Orcish Mines
 25284 | Orc:1    | Noticed Erolcha
 25302 | Orc:1    | Killed Erolcha
 25629 | Orc:2    | Entered Level 2 of the Orcish Mines
 25646 | Orc:2    | Reached skill level 15 in Evocations
 25960 | Orc:2    | Noticed Donald
 25968 | Orc:2    | Killed Donald
 26056 | Orc:1    | Noticed goofnerd's ghost (novice MiFi)
 26078 | Orc:1    | Killed goofnerd's ghost
 26239 | Orc:2    | Found a staircase to the Elven Halls.
 26720 | Orc:2    | Reached skill level 10 in Armour
 27456 | Orc:2    | Found Mubiv's Book Shop.
 27456 | Orc:2    | Found Byehy's Antique Armour Shop.
 27457 | Orc:2    | Found Ufem's Armour Shop.
 27457 | Orc:2    | Found Ruinlye's Book Boutique.
 27812 | Swamp:1  | Entered Level 1 of the Swamp
 27813 | Swamp:1  | Upgraded the game from 0.19-a0-633-g93f72d7 to 0.19-a0-635-g0665fb6
 27830 | Swamp:1  | Noticed Roxanne
 27846 | Swamp:1  | Killed Roxanne
 27855 | Swamp:1  | Identified Roxanne's Disquisition on the Rocks (You took it off Roxanne on level 1 of the Swamp)
 28867 | Swamp:2  | Noticed Louise
 28868 | Swamp:2  | Cast into level 2 of the Abyss (Louise)
 28868 | Abyss:2  | Found a corrupted altar of Lugonu.
 29203 | Abyss:2  | Gained mutation: Your magical capacity is low. (-10% MP) [a neqoxec]
 29354 | Abyss:2  | Reached skill level 10 in Shields
 29676 | Abyss:2  | HP: 6/125 [raiju/living lightning (2)]
 29682 | Abyss:2  | HP: 3/125 [raiju/living lightning (6)]
 29683 | Abyss:2  | Killed from afar by a hell hog

Vault maps used:
D:1:      wheals_arrival_linesprint
D:2:      first_bread, nrook_uturn, kennysheep_generic_room_3
D:3:      ecumenical_altar_2, gammafunk_pakellas_statue_experiment
D:4:      minmay_temple_entry_fiery
D:6:      nicolae_overflow_quartered_altars, uniq_edmund, uniq_sigmund
D:7:      grunt_temple_overflow_forces_of_nature, serial_shops,
          nicolae_shop_trees
D:8:      serial_shops, nicolae_shop_crystal
D:9:      old_standard_altar, serial_shops, shop, serial_glass, glass_columns_b,
          glass_columns_b
D:10:     grunt_tengu_nest, grunt_potential, uniq_harold
D:11:     erik_lair_dragon, special_room, nrook_mini_vaults,
          lightli_church_of_beogh, uniq_josephine
D:12:     david_orc_1_choice
Temple:   triangle_lava_temple_15
Lair:1:   serial_bayou_shore_b, serial_bayou_shore_a, grunt_megastairs_2,
          serial_bayou_shore_b
Lair:2:   nicolae_swamp_entry_splash_gauntlet, wad_woods_road_05,
          grunt_megastairs_3, serial_bayou_shore_b, lemuel_fruit_fields,
          lemuel_fruit_tree, uniq_nergalle, uniq_erica
Lair:3:   lemuel_slime, minmay_snake_entry_guardpost_medium, uniq_sonja,
          uniq_rupert
Lair:4:   grunt_megastairs_1
Lair:5:   gammafunk_lair_enchanted_lake, portal_ice_cave_rime, roderic_batcave
Lair:6:   minmay_lair_end_enchanted_forest, minmay_slime_entry_pillars,
          basic_altar, uniq_maud
Swamp:1:  evilmike_swamp_ruin_house_5, swamp_pool3, uniq_roxanne
Swamp:2:  nicolae_swamp_phyte_club, nicolae_swamp_round_clearing, uniq_louise
Orc:1:    lemuel_ogre_cave
Orc:2:    st_orc_pillars, uniq_donald
IceCv:    ice_cave_caverns_02

Skill      XL: |  1  2  3  4  5  6  7  8  9 10 11 12 13 14 15 16 |
---------------+-------------------------------------------------+-----
Dodging        | 2 3 4 5 6 7 8 |  8.8
Armour         | 1 2 3 4 5 6 7 8 9 10 | 10.3
Axes           | 1 2 3 5 6 8 9 10 11 12 13 14 | 14.0
Evocations     | 4 5 7 8 9 11 12 13 14 15 | 15.5
Fighting       | 2 3 4 5 6 7 8 9 10 11 | 11.3
Shields        | 2 6 7 8 9 10 | 10.0
Crossbows      | 5 7 8 9 |  9.7
Short Blades   | |  1.0
Stealth        | |  1.2

Action                   |  1- 3 |  4- 6 |  7- 9 | 10-12 | 13-15 | 16-18 || total
-------------------------+-------+-------+-------+-------+-------+-------++-------
Melee: Short sword       |   155 |    12 |       |       |       |       ||   167
       War axe           |       |   180 |   380 |   395 |       |       ||   955
       Bite              |       |       |       |    67 |   129 |    53 ||   249
       Battleaxe         |       |       |       |   339 |  1011 |   405 ||  1755
       Hand axe          |       |       |       |       |    36 |       ||    36
 Fire: Arbalest          |       |       |       |     9 |    78 |    53 ||   140
Invok: Quick Charge      |       |       |     1 |     4 |     2 |     1 ||     8
       Supercharge       |       |       |       |       |     1 |       ||     1
       Device Surge      |       |       |       |       |     1 |     2 ||     3
 Abil: Dig               |       |       |       |     1 |       |     2 ||     3
Evoke: Wand              |     5 |    10 |    42 |    34 |    32 |    13 ||   136
       Rod               |       |       |       |       |    19 |    12 ||    31
  Use: Scroll            |       |    12 |     6 |    12 |     7 |     2 ||    39
       Potion            |       |       |     3 |     1 |       |     4 ||     8
 Stab: Sleeping          |     1 |     2 |       |       |       |       ||     3
       Paralysed         |       |       |     6 |    57 |    28 |    16 ||   107
       Confused          |       |       |       |     4 |     1 |       ||     5
       Distracted        |       |       |       |       |     1 |       ||     1
  Eat: Chunk             |     2 |     6 |     8 |    18 |    43 |    18 ||    95
       Beef jerky        |       |     1 |       |     1 |     2 |       ||     4
       Pizza             |       |     1 |       |     1 |     1 |       ||     3
       Royal jelly       |       |       |     1 |     1 |       |       ||     2
       Meat ration       |       |       |     1 |       |       |       ||     1
       Fruit             |       |       |       |     1 |     2 |     5 ||     8
Armor: Leather armour    |    39 |     9 |       |       |       |       ||    48
       Ring mail         |       |    74 |    72 |       |       |       ||   146
       Scale mail        |       |       |   123 |   212 |   158 |    83 ||   576
       Plate armour      |       |       |       |   139 |   310 |       ||   449
Dodge: Dodged            |    82 |   128 |   257 |   347 |   385 |   163 ||  1362
Block: Shield            |       |       |       |   100 |   539 |   191 ||   830
       Reflection        |       |       |       |       |       |     2 ||     2
